 Dungeon Crawl Stone Soup version 0.26-a0-158-g66bac3cce0 (webtiles) character file.

Game seed: 260570916887630689

16509 Flugslaktarn the Nimble (level 12, -6/65 HPs)
             Began as a Vine Stalker Ice Elementalist on July 2, 2020.
             Was a High Priest of Cheibriados.
             Shot with a bolt by an orc knight (27 damage)
             ... on level 2 of the Orcish Mines.
             The game lasted 00:36:40 (5302 turns).

Flugslaktarn the Nimble (VSIE)                      Turns: 5302, Time: 00:36:40

Health: -6/65      AC:  8    Str: 25    XL:     12   Next: 38%
Magic:  0/22       EV: 22    Int: 33    God:    Cheibriados [*****.]
Gold:   1160       SH:  7    Dex: 30    Spells: 15/23 levels left

rFire    . . .     SeeInvis .   w - +4 short sword (venom)
rCold    + . .     Faith    .   R - +0 buckler
rNeg     . . .     Spirit   +   a - +0 robe
rPois    .         Reflect  .   p - +0 helmet
rElec    .         Harm     .   D - +0 cloak
rCorr    .                      j - +0 pair of gloves
MR       ++...                  F - +2 pair of boots
Stlth    +++.......             b - amulet of regeneration
HPRegen  1.40/turn              T - ring of protection from cold (curse)
MPRegen  0.18/turn              J - ring of protection from magic

@: very slow
A: fangs 3, regeneration 2, magic shield, antimagic bite, no potion heal 3, rot
immunity
a: Bend Time, Temporal Distortion, Slouch, Step From Time, Renounce Religion


You were on level 2 of the Orcish Mines.
You worshipped Cheibriados.
Cheibriados was extremely pleased with you.
You were not hungry.

You visited 3 branches of the dungeon, and saw 15 of its levels.

You collected 1232 gold pieces.
You spent 72 gold pieces at shops.

Inventory:

Hand Weapons
 u - a +6 flail of holy wrath
   (You took it off Edmund on level 4 of the Dungeon)
 w - a +4 short sword of venom (weapon)
   (You took it off an orc on level 4 of the Dungeon)
 K - a +2 vampiric halberd
   (You took it off a gnoll on level 8 of the Dungeon)
 V - the +4 flail "Roagip" {vorpal, rC+ Str+2 SInv, unknown}
   (You found it on level 11 of the Dungeon)

   It inflicts extra damage upon your enemies.
   It affects your strength (+2).
   It protects you from cold.
   It lets you see invisible.
Missiles
 s - 15 curare-tipped darts
 A - 2 boomerangs (quivered)
 B - 217 arrows
 P - 8 javelins
 Q - 6 throwing nets
Armour
 a - a +0 robe (worn)
 j - a +0 pair of gloves (worn)
   (You found it on level 1 of the Dungeon)
 p - a +0 helmet (worn)
   (You found it on level 8 of the Dungeon)
 v - a +2 ring mail of fire resistance
   (You took it off Edmund on level 4 of the Dungeon)
 D - a +0 cloak (worn)
   (You found it on level 7 of the Dungeon)
 F - a +2 pair of boots (worn)
   (You found it on level 7 of the Dungeon)
 G - a +1 leather armour of magic resistance
   (You took it off an orc on level 7 of the Dungeon)
 R - a +0 buckler (worn)
   (You took it off a tengu conjurer on level 9 of the Dungeon)
 U - a +2 robe of cold resistance
   (You took it off Psyche on level 11 of the Dungeon)
Jewellery
 b - an amulet of regeneration (around neck)
   (You found it on level 2 of the Dungeon)
 t - an uncursed ring of positive energy
   (You found it on level 4 of the Dungeon)
 C - an uncursed amulet of reflection {unknown}
   (You found it on level 8 of the Dungeon)
 J - a ring of protection from magic (right hand)
   (You found it on level 8 of the Dungeon)
 T - a cursed ring of protection from cold (left hand)
   (You found it on level 9 of the Dungeon)
Wands
 i - a wand of random effects (56)
   (You found it on level 4 of the Dungeon)
 y - a wand of disintegration (9)
   (You found it on level 5 of the Dungeon)
 E - a wand of acid (8)
   (You found it on level 7 of the Dungeon)
 M - a wand of digging (12)
   (You found it on level 8 of the Dungeon)
 N - a wand of polymorph (11)
   (You found it on level 9 of the Dungeon)
 S - a wand of paralysis (11)
   (You found it on level 11 of the Dungeon)
Scrolls
 f - a scroll of noise
 g - a scroll of fog
 l - 2 scrolls of teleportation
 o - 3 scrolls of magic mapping
 r - a scroll of amnesia
 x - 5 scrolls of remove curse
 H - a scroll of torment
 L - a scroll of brand weapon {unknown}
 O - 2 scrolls of enchant armour
 W - a scroll of blinking {unknown}
Potions
 d - a potion of brilliance {unknown}
 e - 4 potions of stabbing
 h - a potion of berserk rage {unknown}
 k - 2 potions of curing
 m - 3 potions of flight {unknown}
 n - 2 potions of lignification
 q - 2 potions of haste {unknown}
 z - a potion of cancellation
 I - 2 potions of might
Comestibles
 c - 14 rations


   Skills:
 + Level 8.7 Fighting
 - Level 9.0 Dodging
 - Level 2.4 Stealth
 - Level 4.0 Shields
 - Level 6.0 Spellcasting
 - Level 3.0 Summonings
 - Level 9.0 Ice Magic
 + Level 8.8 Invocations
 - Level 5.0 Evocations


You had 15 spell levels left.
You knew the following spells:

 Your Spells              Type           Power        Failure   Level  Hunger
a - Freeze                Ice            ####         1%          1    None
b - Frozen Ramparts       Ice            ######       1%          3    None
d - Summon Ice Beast      Ice/Summ       #####...     3%          4    ##.....

Your spell library contained the following spells:

 Spells                   Type           Power        Failure   Level  Hunger
 Ozocubu's Armour         Chrm/Ice       #####...     1%          3    None
 Infusion                 Chrm           #...         4%          1    None
 Shock                    Conj/Air       #...         4%          1    None
 Shroud of Golubria       Chrm/Tloc      #.....       6%          2    None
 Song of Slaying          Chrm           #.......     6%          2    None
 Swiftness                Chrm/Air       #.......     6%          2    None
 Hailstorm                Conj/Ice       #####...     7%          4    ##.....
 Spectral Weapon          Hex/Chrm       #.......     13%         3    None
 Static Discharge         Conj/Air       #.......     13%         3    None
 Airstrike                Air            #.........   38%         4    ##.....
 Lightning Bolt           Conj/Air       #.........   75%         5    #####..


Dungeon Overview and Level Annotations

Branches:
Dungeon (12/15)            Temple (1/1) D:7            Lair (0/6) D:9
    Orc (2/2) D:12            Elf (0/3) Orc:2

Altars:
Ashenzari
Cheibriados
Dithmenos
Elyvilon
Fedhas
Gozag
Hepliaklqana
Kikubaaqudgha
Makhleb
Nemelex Xobeh
Okawaru
Qazlal
Ru
Sif Muna
Trog
Uskayaw
Vehumet
Wu Jian
Xom
Yredelemnul
Zin

Shops:
D:7 *[=(   D:11 (   Orc:1 ?

Portals:
Trove: D:10 (give +5 ice dragon scales)

Annotations:
D:8 1 runed translucent door
Orc:2 Philosophunculist's ghost, journeyman MiBe


Innate Abilities, Weirdness & Mutations

You have razor-sharp teeth.
You heal very quickly.
When hurt, damage is shared between your health and your magic reserves.
Your bite disrupts and absorbs the magic of your enemies.
Potions cannot restore your health.
You are immune to rotting.


Message History

The orc warrior shouts!
You hear a shout!
An orc knight comes into view. It is wielding a +2 war axe of venom.
The orc knight shouts!
You hear a shout!
The orc knight unwields a +2 war axe of venom.
It stops dripping with poison.
The orc knight wields a +0 arbalest.
The orc knight shoots a bolt.
The bolt barely misses you.
An orc sorcerer comes into view.
It is wielding a +0 dagger and wearing a +2 robe of cold resistance.
An orc warrior comes into view. It is wielding a +0 hand axe.
The orc knight shoots a bolt.
The bolt misses you.
You see here 2 bolts.
Unknown command.
Unknown command.
Okay, then.
Unknown command.
Unknown command.
Unknown command.
The orc sorcerer shouts!
The orc knight shoots a bolt.
The bolt hits you!!
An orc comes into view. It is wielding a +0 club.
The orc warrior misses you.
An orc warrior comes into view. It is wielding a +5 battleaxe.
The orc sorcerer casts a spell at you. The bolt of fire hits you!!
* * * LOW HITPOINT WARNING * * *
The orc warrior shouts!
You see here a bolt.
You can feel time thicken for a moment.
You kill the orc!
Cheibriados appreciates the change of pace.
You feel somewhat more hungry.
Cheibriados lowers the support of your attributes as your movement quickens.
The orc warrior barely misses you.
Unknown command.
Okay, then.
Evoke which item? (* to show all) (? for menu, Esc to quit)
Aiming: Corrosive Bolt
Press: ? - help, Shift-Dir - straight line, f - orc sorcerer
Aim: an orc sorcerer, wielding a +0 dagger and wearing a +2 robe of cold resistance (severely wounded)
The bolt of acid hits the orc sorcerer!
The orc sorcerer is splashed with acid.
The acid corrodes the orc sorcerer!
You kill the orc sorcerer!
Cheibriados thoroughly appreciates the change of pace.
Training target 5.0 for Evocations reached!
Your Evocations skill increases to level 5!
The orc warrior shouts!
The orc warrior throws a boomerang.
The boomerang hits you!
* * * LOW HITPOINT WARNING * * *
The weapon returns to the orc warrior!
The orc knight shoots a bolt.
The bolt hits you!!
You die...

.....#.####...#.#.......
........#...............
.......................)
..#.........^.........o.
))..................).o.
#....................o..
........................
#.).............(.......
.....#..........@o......
#.......................
#.........^.............
#.......................
##......................
##.#.................#.
##.................##
#................## ##
##..............#


You could see an orc knight and 3 orc warriors.

Vanquished Creatures
  Erolcha (D:11)
  Harold (Orc:1)
  An orc high priest (Orc:2)
  An orc sorcerer (Orc:2)
  An ugly thing (D:12)
  2 cyclopes
  A centaur zombie (D:12)
  Psyche (D:11)
  2 centaur skeletons (D:12)
  2 kobold demonologists (D:12)
  A tengu conjurer (D:9)
  Prince Ribbit (D:6)
  A merfolk (D:9)
  13 yaks
  A wyvern (D:8)
  A hungry ghost (D:10)
  6 vampire mosquitoes (D:12)
  A warg (Orc:1)
  Edmund (D:4)
  7 orc warriors
  A necrophage (D:12)
  An eye of draining (D:11)
  3 ice beasts
  2 sky beasts
  2 black bears
  6 ogres
  3 phantoms
  6 centaurs
  2 big kobolds (D:9)
  2 bullfrogs
  A gnoll sergeant (D:9)
  4 scorpions
  15 killer bees
  3 wights (D:8)
  4 howler monkeys
  A bullfrog zombie (D:12)
  7 orc wizards
  5 jellies
  7 orc priests
  A bullfrog skeleton (D:10)
  9 hounds
  3 iguanas
  4 worker ants
  A hound skeleton (D:9)
  A howler monkey zombie (D:8)
  A worker ant zombie (D:11)
  12 gnolls
  11 adders
  A shadow imp (D:5)
  A white imp (D:6)
  An ooze (D:1)
  An adder skeleton (D:4)
  An adder zombie (D:6)
  2 worms
  3 dart slugs
  2 leopard geckos
  43 orcs
  7 giant cockroaches
  6 goblins
  6 hobgoblins
  2 jackals (D:1)
  6 quokkas
  2 ball pythons
  A bat (D:1)
  6 frilled lizards
  A jackal skeleton (D:5)
  12 kobolds
  A quokka skeleton (D:8)
  9 rats
278 creatures vanquished.

Vanquished Creatures (collateral kills)
  An orc high priest (Orc:2)
  An orc knight (Orc:1)
  Maurice (D:9)
  A komodo dragon (D:9)
  A blink frog (shapeshifter) (D:9)
  A hippogriff (D:12)
  2 yaks
  3 orc warriors
  A black bear (D:12)
  An ice beast (D:9)
  A necrophage (D:7)
  An ogre (Orc:2)
  3 centaurs
  A gnoll sergeant (D:9)
  3 scorpions (D:9)
  2 killer bees
  An orc priest (Orc:1)
  A hound (D:9)
  A hound skeleton (D:9)
  3 gnolls (D:9)
  An adder (D:9)
  An ufetubus (D:9)
  4 orcs
  4 kobolds (D:9)
40 creatures vanquished.

Vanquished Creatures (others)
  2 plants (D:9)
2 creatures vanquished.

Grand Total: 320 creatures vanquished

Notes
Turn   | Place    | Note
-------+----------+-------------------------------------------
     0 | D:1      | Flugslaktarn the Vine Stalker Ice Elementalist began the
                  | quest for the Orb.
     0 | D:1      | Reached XP level 1. HP: 9/9 MP: 4/4
    12 | D:2      | Reached XP level 2. HP: 10/13 MP: 0/6
   212 | D:1      | Reached XP level 3. HP: 14/16 MP: 2/8
   221 | D:1      | Learned a level 3 spell: Frozen Ramparts
   629 | D:3      | Gained mutation: Your natural rate of healing is unusually
                  | fast. [Vine Stalker growth]
   629 | D:3      | Reached XP level 4. HP: 21/21 MP: 7/10
   680 | D:3      | Reached skill level 5 in Ice Magic
   765 | D:4      | Reached XP level 5. HP: 21/24 MP: 6/11
   826 | D:4      | Noticed Edmund
   852 | D:4      | Killed Edmund
   852 | D:4      | Reached XP level 6. HP: 28/28 MP: 3/13
   874 | D:4      | Reached XP level 7. HP: 43/43 MP: 5/14
   941 | D:5      | Entered Level 5 of the Dungeon
  1022 | D:4      | Learned a level 4 spell: Summon Ice Beast
  1081 | D:4      | Reached skill level 1 in Summonings
  1428 | D:5      | Found a bloodstained altar of Trog.
  1467 | D:5      | Gained mutation: You have razor-sharp teeth. [Vine Stalker
                  | growth]
  1467 | D:5      | Reached XP level 8. HP: 47/47 MP: 10/15
  1786 | D:6      | Noticed Prince Ribbit
  1798 | D:6      | Killed Prince Ribbit
  1971 | D:7      | Found a staircase to the Ecumenical Temple.
  1992 | Temple   | Entered the Ecumenical Temple
  1997 | Temple   | Became a worshipper of Cheibriados the Contemplative
  2240 | D:7      | Found a radiant altar of Vehumet.
  2258 | D:7      | Found Ybeoham's Weapon Emporium.
  2325 | D:7      | Found Alerch's Jewellery Emporium.
  2348 | D:7      | Found Equmait's Antique Armour Boutique.
  2418 | D:7      | Reached XP level 9. HP: 50/51 MP: 16/16
  2463 | D:7      | Reached skill level 1 in Evocations
  2486 | D:7      | Found Okkipn's Assorted Antiques.
  2568 | D:8      | Found a runed translucent door.
  2573 | D:8      | Reached * piety under Cheibriados
  2637 | D:8      | Found a shadowy altar of Dithmenos.
  2751 | D:8      | Reached ** piety under Cheibriados
  2825 | D:8      | Reached XP level 10. HP: 56/56 MP: 14/17
  3080 | D:8      | Found a glowing silver altar of Zin.
  3169 | D:9      | Found a stormy altar of Qazlal.
  3172 | D:9      | Found a shimmering altar of Xom.
  3174 | D:9      | Found a sparkling altar of Nemelex Xobeh.
  3276 | D:9      | Reached *** piety under Cheibriados
  3315 | D:9      | Noticed Maurice
  3321 | D:9      | Killed Maurice
  3321 | D:9      | Reached skill level 1 in Invocations
  3498 | D:9      | Found a staircase to the Lair.
  3538 | D:9      | Reached **** piety under Cheibriados
  3658 | D:10     | Entered Level 10 of the Dungeon
  3691 | D:10     | Reached skill level 1 in Shields
  3718 | D:10     | Found a portal to a secret trove of treasure.
  3857 | D:10     | Reached XP level 11. HP: 53/60 MP: 16/18
  3865 | D:10     | Reached skill level 5 in Invocations
  3975 | D:11     | Reached ***** piety under Cheibriados
  3995 | D:11     | Noticed a cyclops
  4013 | D:11     | Found Lalo's Weapon Boutique.
  4021 | D:11     | Bought 8 curare-tipped darts for 72 gold pieces
  4086 | D:11     | Noticed Erolcha
  4094 | D:11     | Killed Erolcha
  4110 | D:11     | Noticed Sonja
  4111 | D:11     | Noticed Sonja
  4111 | D:11     | Sonja changed into Sonja the eye of draining
  4115 | D:11     | Killed Sonja the eye of draining
  4323 | D:11     | Noticed Psyche
  4331 | D:11     | Killed Psyche
  4349 | D:11     | Killed a cyclops
  4390 | D:11     | Got an ichor-stained flail
  4581 | D:12     | Noticed a soul eater
  4620 | D:12     | Noticed a centaur warrior
  4729 | D:12     | Noticed a purple ugly thing
  4734 | D:12     | Killed a purple ugly thing
  4755 | D:12     | Reached skill level 5 in Spellcasting
  4851 | D:12     | Found a staircase to the Orcish Mines.
  4875 | Orc:1    | Entered Level 1 of the Orcish Mines
  4897 | Orc:1    | Noticed a cyclops
  4897 | Orc:1    | Noticed an orc knight
  4902 | Orc:1    | Gained mutation: You heal very quickly. [Vine Stalker
                  | growth]
  4902 | Orc:1    | Reached XP level 12. HP: 55/64 MP: 8/21
  4972 | Orc:1    | Noticed Harold
  4986 | Orc:1    | Killed Harold
  5054 | Orc:2    | Entered Level 2 of the Orcish Mines
  5069 | Orc:1    | You fall into a shaft and drop 1 floor!
  5081 | Orc:2    | Reached ****** piety under Cheibriados
  5133 | Orc:2    | Noticed Philosophunculist's ghost (journeyman MiBe)
  5139 | Orc:1    | Found Hues's Magic Scroll Shoppe.
  5216 | Orc:1    | You fall into a shaft and drop 1 floor!
  5216 | Orc:2    | Found a staircase to the Elven Halls.
  5226 | Orc:2    | Noticed an orc high priest
  5241 | Orc:2    | Killed an orc high priest
  5264 | Orc:2    | Noticed an orc high priest
  5278 | Orc:2    | Killed an orc high priest
  5302 | Orc:2    | Reached skill level 5 in Evocations
  5302 | Orc:2    | Shot with a bolt by an orc knight

Illustrated notes

Levels and vault maps discovered:
D:1:      dpeg_arrival_caged_fury, layout_basic, minivault_23
D:2:      wander_river, layout_rooms, kennysheep_another_room
D:3:      layout_loops_ring
D:4:      layout_loops_ring, first_ration, st_stairs_13, minmay_close_crescents,
          uniq_edmund
D:5:      layout_cave_pods, trog_book, uniq_eustachio
D:6:      layout_basic, kennysheep_mini_moat, uniq_pikel, uniq_prince_ribbit1,
          uniq_maggie
D:7:      layout_gridville, kennysheep_mini, minmay_temple_entry_sparse_star,
          serial_shops, shop, kennysheep_little_box, shop, shop,
          uniq_crazy_yiuf_cottage
D:8:      cheibrodos_histonic, layout_basic, lemuel_round_altar,
          overflow_temple_1_default
D:9:      layout_big_octagon, minitemple, david_lair_shrubbed,
          hangedman_fish_farm, hangedman_tree_tricks, grunt_potential,
          uniq_maurice
D:10:     wad_crossroads, layout_loops_ring, nicolae_trove_entry_columns,
          david_greed
D:11:     layout_rooms, serial_shops, shop, serial_glass, glass_columns_c,
          glass_columns_a, uniq_erolcha, uniq_psyche, uniq_sonja
D:12:     layout_stronghold, orc_0_dummy
Temple:   minmay_freezing_vapour_temple
Orc:1:    layout_caves, serial_shops, shop_coins, uniq_harold
Orc:2:    pf_orc_diabolical, layout_diamond_mine, maelrawn_ghost_gauntlet_escape

Skill      XL: |  1  2  3  4  5  6  7  8  9 10 11 12 |
---------------+-------------------------------------+-----
Spellcasting   | 3 4 5 6 |  6.0
Ice Magic      | 5 6 7 8 9 |  9.0
Fighting       | 8 |  8.7
Dodging        | 7 8 9 |  9.0
Summonings     | 1 3 |  3.0
Evocations     | 4 5 |  5.0
Invocations    | 4 8 |  8.8
Shields        | 2 4 |  4.0
Stealth        | |  2.4

Action                   |  1- 3 |  4- 6 |  7- 9 | 10-12 || total
-------------------------+-------+-------+-------+-------++-------
Melee: Unarmed           |     1 |       |       |       ||     1
       Hand axe          |    48 |    23 |       |       ||    71
       Bite              |     7 |     7 |    41 |   156 ||   211
       Short sword       |       |       |   147 |   270 ||   417
Throw: Boomerang         |       |       |       |     2 ||     2
 Cast: Freeze            |    24 |       |     2 |       ||    26
       Frozen Ramparts   |     6 |     8 |    27 |    42 ||    83
       Summon Ice Beast  |       |       |     4 |    48 ||    52
Invok: Slouch            |       |       |       |     1 ||     1
Evoke: Wand              |       |       |     2 |     4 ||     6
  Use: Scroll            |       |     2 |     1 |    16 ||    19
       Potion            |       |     1 |       |       ||     1
 Stab: Sleeping          |     5 |       |     8 |     7 ||    20
       Distracted        |       |       |     2 |     5 ||     7
  Eat: Ration            |       |     1 |     2 |     4 ||     7
       Chunk             |       |       |     1 |     1 ||     2
Armor: Robe              |    20 |     3 |    16 |    57 ||    96
Dodge: Dodged            |    58 |     7 |   159 |   337 ||   561
Block: Buckler           |       |       |       |    86 ||    86

Table legend:
 A = Non-vault XP
 B = Vault XP
 C = Vault XP percentage of total XP
 D = Non-vault monster count
 E = Vault monster count
 F = Vault count percentage of total count
                 A         B        C        D         E       F
            +---------+---------+-------+---------+---------+-------
      Total |   18930 |    4344 |  18.7 |     291 |      27 |   8.5
            +---------+---------+-------+---------+---------+-------
        D:1 |      39 |       0 |   0.0 |      19 |       0 |   0.0
        D:2 |      24 |       0 |   0.0 |       8 |       0 |   0.0
        D:3 |      67 |       0 |   0.0 |      23 |       0 |   0.0
        D:4 |     237 |     277 |  53.9 |      14 |       4 |  22.2
        D:5 |     293 |       0 |   0.0 |      16 |       0 |   0.0
        D:6 |     167 |     283 |  62.9 |       6 |       1 |  14.3
        D:7 |    1010 |       0 |   0.0 |      19 |       0 |   0.0
        D:8 |    2354 |       0 |   0.0 |      36 |       0 |   0.0
        D:9 |    1232 |    1418 |  53.5 |      34 |      15 |  30.6
       D:10 |    1981 |     267 |  11.9 |      22 |       3 |  12.0
       D:11 |     898 |    1259 |  58.4 |       6 |       3 |  33.3
       D:12 |    5873 |       0 |   0.0 |      33 |       0 |   0.0
      Orc:1 |    2234 |     840 |  27.3 |      31 |       1 |   3.1
      Orc:2 |    2521 |       0 |   0.0 |      24 |       0 |   0.0
            +---------+---------+-------+---------+---------+-------
